 Dungeon Crawl Stone Soup version 0.30.2 (webtiles) character file.

Game seed: 16640477282466121748

16401 porpoise the Cleaver (level 12, -1/91 HPs)
             Began as a Demonspawn Gladiator on Mar 27, 2024.
             Was a Priest of Qazlal.
             Succumbed to a cane toad's poison
             ... on level 2 of the Lair of Beasts.
             The game lasted 00:41:21 (13434 turns).

porpoise the Cleaver (Demonspawn Gladiator)        Turns: 13434, Time: 00:41:22

Health: -1/91      AC: 13    Str: 19    XL:     12   Next: 9%
Magic:  20/20      EV: 22    Int:  9    God:    Qazlal [***...]
Gold:   503        SH:  4    Dex: 16    Spells: 11/11 levels left

rFire   . . .        a - +1 war axe
rCold   . . .        (no shield)
rNeg    . . .        l - +0 ring mail
rPois   .            T - +2 hat
rElec   .            x - +0 cloak
rCorr   .            j - +0 pair of gloves
SInv    .            u - +1 pair of boots
Will    .....        (no amulet)
Stlth   +            e - +5 ring of evasion
HPRegen 0.35/turn    A - +5 ring of evasion
MPRegen 0.17/turn

%: no passive effects
@: lethally poisoned (-1 -> -15)
A: molten scales 1, foul stench 2, powered by pain 3
a: Renounce Religion, Upheaval, Elemental Force


You were on level 2 of the Lair of Beasts.
You worshipped Qazlal.
Qazlal was most pleased with you.
You visited 3 branches of the dungeon, and saw 13 of its levels.

You collected 698 gold pieces.
You spent 195 gold pieces at shops.

Inventory:

Hand Weapons
 a - a +1 war axe (weapon)
 b - the +7 Throatcutter {drain, coup de grace}
   (You found it on level 4 of the Dungeon)
 w - a +0 arbalest
Missiles
 d - 3 throwing nets
 t - 7 boomerangs (quivered)
 B - 6 javelins
 O - 6 atropa-tipped darts
 Z - 3 curare-tipped darts
Armour
 j - a +0 pair of gloves (worn)
 l - a +0 ring mail (worn)
 u - a +1 pair of boots (worn)
 x - a +0 cloak (worn)
 M - a +2 robe of the Archmagi
 R - a +0 troll leather armour
 T - a +2 hat (worn)
Jewellery
 e - a +5 ring of evasion (left hand)
 o - the amulet of Tarch {Regen+ rCorr}
   (You found it on level 2 of the Dungeon)

   [amulet of regeneration]

   Regen:     It increases your rate of health regeneration.
   rCorr:     It protects you from acid and corrosion.
 p - a +6 ring of intelligence
 A - a +5 ring of evasion (right hand)
 X - a ring of see invisible
Wands
 s - a wand of flame (5)
 y - a wand of mindburst (13)
 z - a wand of quicksilver (20)
 D - a wand of roots (11)
 L - a wand of digging (19)
 U - a wand of charming (17)
Scrolls
 h - a scroll of blinking {unknown}
 i - 2 scrolls of magic mapping
 m - 4 scrolls of teleportation
 n - a scroll of vulnerability
 q - 2 scrolls of fog
 r - a scroll of enchant weapon
 C - a scroll of fear
 E - a scroll of noise {unknown}
 F - a scroll of immolation
 N - a scroll of brand weapon
 S - a scroll of poison
 V - a scroll of identify
 W - a scroll of torment
 Y - a scroll of summoning
Potions
 c - a potion of magic
 f - 6 potions of brilliance
 g - a potion of cancellation
 k - 2 potions of haste
 G - 3 potions of lignification
 H - a potion of flight
 I - 2 potions of might
 P - a potion of attraction


   Skills:
 - Level 7.0 Fighting
 - Level 8.0 Long Blades
 * Level 13.0 Axes
 - Level 1.7 Throwing
 + Level 2.2 Armour
 - Level 2.6 Dodging
 + Level 11.4 Invocations


You had 11 spell levels left.
You didn't know any spells.
Your spell library contained the following spells:

 Spells                   Type           Power      Damage    Failure   Level
 Apportation              Tloc           0%         N/A       56%         1
 Necrotise                Necr           0%         1d4       56%         1
 Summon Small Mammal      Summ           0%         N/A       56%         1
 Blink                    Tloc           0%         N/A       71%         2
 Ensorcelled Hibernation  Hex/Ice        0%         N/A       71%         2
 Lesser Beckoning         Tloc           0%         N/A       71%         2
 Momentum Strike          Conj/Tloc      0%         3d8       71%         2
 Passwall                 Tmut/Erth      0%         N/A       71%         2
 Hailstorm                Conj/Ice       0%         3d3       90%         3
 Stone Arrow              Conj/Erth      0%         3d7       90%         3
 Swiftness                Air            0%         N/A       90%         3
 Animate Armour           Summ/Erth      0%         N/A       100%        4
 Ice Form                 Ice/Tmut       0%         N/A       100%        4
 Simulacrum               Ice/Necr       0%         N/A       100%        6
 Lehudib's Crystal Spear  Conj/Erth      0%         10d2      100%        8


Dungeon Overview and Level Annotations

Branches:
Dungeon (10/15)            Temple (1/1) D:5            Lair (2/5) D:8
  Swamp: Lair:2-3    Shoals: Lair:2-3     Snake: Lair:2-3    Spider: Lair:2-3
    Orc: D:9-12

Altars:
Ashenzari
Cheibriados
Dithmenos
Fedhas
Gozag
Hepliaklqana
Kikubaaqudgha
Makhleb
Nemelex Xobeh
Okawaru
Qazlal
Ru
Sif Muna
Trog
Uskayaw
Vehumet
Wu Jian
Xom
Yredelemnul

Shops:
D:5 !   D:6 !*   D:9 [

Portals:
Trove: D:10 (give +3 fire dragon scales)

Annotations:
D:9 1 runed translucent door


Innate Abilities, Weirdness & Mutations

You are partially covered in molten scales. (AC +2)
You sometimes emit foul miasma when damaged in melee.
You are powered by pain.


Message History

* * * LOW HITPOINT WARNING * * *
You are lethally poisoned!
The cane toad poisons you!
You closely miss the cane toad.
The cane toad is almost dead.
* * * LOW HITPOINT WARNING * * *
You feel very sick. The cane toad stings you.
* * * LOW HITPOINT WARNING * * *
You are more poisoned.
The cane toad poisons you!
You feel much better.
* * * LOW HITPOINT WARNING * * *
You feel extremely sick.
You hear a roar!
The cane toad misses you.
The killer bee stings you but does no damage.
The killer bee attacks as you move away!
The killer bee stings you but does no damage.
* * * LOW HITPOINT WARNING * * *
You feel extremely sick.
You hear a roar!
The killer bee completely misses you. You block the cane toad's attack.
You hit the cane toad.
You kill the cane toad!
Qazlal accepts your kill.
You miss the killer bee.
* * * LOW HITPOINT WARNING * * *
You feel very sick. The killer bee stings you.
* * * LOW HITPOINT WARNING * * *
You block the killer bee's attack.
You completely miss the killer bee.
* * * LOW HITPOINT WARNING * * *
You feel very sick. The killer bee completely misses you.
Your magical effects are unravelling.
You feel magically purged.
You feel a little less agile now.
You die...

## .##.. ...
##....#.#.#....
##..#.##.........
###...#.........#...#
#.)..#...⌠...⌠......#
#...y#.....>.........
##.###†..@....⌠...⌠...#...
......†..§...........##..#
....#####..#.#....##.#..##
... ##....##.##....##. .
###.....†....#...
#........#.....
#####+####.....
##...#.#.....
..P##............


You could see a killer bee.

Vanquished Creatures
  2 two-headed ogres
  Sonja (Lair:1)
  Pikel (D:7)
  3 elephants (Lair:1)
  4 cane toads
  2 komodo dragons
  A troll (D:9)
  A meliai (Lair:2)
  11 blink frogs (Lair:1)
  2 wraiths
  3 wyverns
  A steam dragon (D:10)
  17 yaks
  7 water moccasins
  6 orc warriors
  An ice beast (D:7)
  A sky beast (D:6)
  2 black bears
  3 ogres
  6 centaurs
  A phantom (D:6)
  A kobold brigand (D:8)
  3 lemures (D:7)
  9 bullfrogs
  5 scorpions
  25 killer bees
  2 howler monkeys
  4 jellies
  Crazy Yiuf (D:3)
  3 hounds
  13 orc priests
  2 iguanas
  Ijyb (D:5)
  Natasha (thrice) (D:3)
  3 sleepcaps
  8 orc wizards
  4 adders
  2 gnolls (D:1)
  A white imp (D:8)
  An ufetubus (D:7)
  5 dart slugs
  39 orcs
  4 ball pythons
  7 endoplasms
  4 giant cockroaches
  9 goblins
  7 hobgoblins
  14 kobolds
  4 quokkas
  3 bats
  2 frilled lizards
  5 rats
270 creatures vanquished.

Notes
Turn   | Place    | Note
-------+----------+-------------------------------------------
     0 | D:1      | porpoise the Demonspawn Gladiator began the quest for the
                  | Orb.
     0 | D:1      | Reached XP level 1. HP: 16/16 MP: 1/1
   123 | D:1      | Reached skill level 3 in Axes
   130 | D:1      | Gained mutation: You may rarely emit foul miasma when
                  | damaged in melee. [demonic ancestry]
   130 | D:1      | Reached XP level 2. HP: 14/22 MP: 2/2
   373 | D:1      | Gained mutation: You are partially covered in molten
                  | scales. (AC +2) [demonic ancestry]
   373 | D:1      | Reached XP level 3. HP: 22/28 MP: 3/3
   799 | D:2      | Identified the amulet of Tarch {Regen+ rCorr}
  1550 | D:3      | Noticed Natasha
  1552 | D:3      | Killed Natasha
  1553 | D:3      | Reached skill level 4 in Axes
  1553 | D:3      | Gained mutation: You sometimes gain a little power by
                  | taking damage. [demonic ancestry]
  1553 | D:3      | Reached XP level 4. HP: 20/35 MP: 4/4
  1818 | D:3      | Found a sparkling altar of Nemelex Xobeh.
  1976 | D:3      | Reached XP level 5. HP: 38/41 MP: 5/5
  1999 | D:3      | Noticed Natasha
  2005 | D:3      | Killed Natasha
  2165 | D:3      | Noticed Natasha
  2172 | D:3      | Killed Natasha
  2173 | D:3      | Reached skill level 5 in Axes
  2630 | D:3      | Found a runed translucent door.
  2631 | D:3      | Noticed Crazy Yiuf
  2641 | D:3      | Killed Crazy Yiuf
  2849 | D:4      | Reached XP level 6. HP: 44/48 MP: 6/6
  2963 | D:4      | Reached skill level 6 in Axes
  3027 | D:4      | Reached XP level 7. HP: 55/55 MP: 7/7
  3096 | D:4      | Found the +7 Throatcutter {drain, coup de grace}
  3225 | D:4      | Reached skill level 1 in Long Blades
  3731 | D:5      | Entered Level 5 of the Dungeon
  3789 | D:5      | Reached skill level 5 in Fighting
  3846 | D:5      | Found a staircase to the Ecumenical Temple.
  3852 | Temple   | Entered the Ecumenical Temple
  3930 | Temple   | Became a worshipper of Qazlal Stormbringer
  3992 | D:5      | Noticed Ijyb
  4001 | D:5      | Killed Ijyb
  4523 | D:5      | Found Zanut's Distillery.
  4526 | D:5      | Bought a potion of degeneration for 13 gold pieces
  4526 | D:5      | Bought a potion of might for 52 gold pieces
  4526 | D:5      | Bought a potion of heal wounds for 65 gold pieces
  4526 | D:5      | Bought a potion of heal wounds for 65 gold pieces
  4850 | D:6      | Reached XP level 8. HP: 55/62 MP: 8/8
  4987 | D:6      | Reached skill level 5 in Long Blades
  5570 | D:6      | Found Quall's Elemental Accessories.
  5887 | D:6      | Found Liacoxez's Distillery.
  6397 | D:7      | Reached * piety under Qazlal
  6406 | D:7      | Gained mutation: You sometimes emit foul miasma when
                  | damaged in melee. [demonic ancestry]
  6406 | D:7      | Reached XP level 9. HP: 62/68 MP: 9/9
  6524 | D:7      | Reached skill level 1 in Invocations
  6654 | D:7      | Found a shimmering blue altar of Sif Muna.
  6917 | D:7      | Noticed Pikel
  6938 | D:7      | Killed Pikel
  6939 | D:7      | Reached skill level 7 in Axes
  7057 | D:7      | Found a radiant altar of Vehumet.
  7834 | D:8      | Reached skill level 8 in Axes
  8106 | D:8      | Found a staircase to the Lair.
  8124 | D:8      | Reached skill level 5 in Invocations
  8395 | D:8      | Gained mutation: You sometimes gain power by taking damage.
                  | [demonic ancestry]
  8395 | D:8      | Reached XP level 10. HP: 77/77 MP: 12/14
  8938 | D:9      | Reached ** piety under Qazlal
  8939 | D:9      | Reached skill level 9 in Axes
  9254 | D:9      | Identified the +2 robe "Adagheath" {Harm Int-4 Dex+7
                  | Stlth+}
  9787 | D:9      | Noticed a deep elf pyromancer
  9787 | D:9      | Noticed a tengu warrior
  9788 | D:9      | Found a runed translucent door.
  9790 | D:9      | Noticed an ogre mage
  9790 | D:9      | Noticed a tengu warrior
  9790 | D:9      | Identified the amulet of Olarch {Reflect rF+ SH+5}
 10015 | D:9      | Reached skill level 10 in Axes
 10185 | D:9      | Found Bulat's Dragon-Slaying Spoils.
 10308 | D:9      | Noticed a sea snake
 10310 | D:9      | Noticed a boulder beetle
 10337 | D:10     | Entered Level 10 of the Dungeon
 10380 | D:10     | Noticed a two-headed ogre
 10454 | D:9      | Killed a two-headed ogre
 10642 | D:9      | Noticed a two-headed ogre
 10758 | D:10     | Reached XP level 11. HP: 78/84 MP: 17/17
 10943 | D:10     | Noticed a two-headed ogre
 10950 | D:10     | Killed a two-headed ogre
 11038 | D:10     | Reached *** piety under Qazlal
 11232 | D:10     | Found a portal to a secret trove of treasure.
 11324 | Lair:1   | Entered Level 1 of the Lair of Beasts
 11481 | Lair:1   | Reached skill level 11 in Axes
 11982 | Lair:1   | Reached skill level 10 in Invocations
 12034 | Lair:1   | Reached skill level 12 in Axes
 12300 | Lair:1   | Noticed Sonja
 12328 | Lair:1   | Killed Sonja
 12553 | Lair:1   | Reached skill level 1 in Armour
 13270 | Lair:2   | Gained mutation: You are powered by pain. [demonic
                  | ancestry]
 13270 | Lair:2   | Reached XP level 12. HP: 49/91 MP: 20/20
 13417 | Lair:2   | HP: 2/91 [meliai/+0 war axe (7)]
 13421 | Lair:2   | Reached skill level 13 in Axes
 13429 | Lair:2   | HP: 4/91 [cane toad (4)]
 13433 | Lair:2   | HP: 1/91 [poisoned by a cane toad]
 13434 | Lair:2   | Succumbed to a cane toad's poison

Illustrated notes

Levels and vault maps discovered:
D:1:      saegor_arrival_simple_d, layout_rooms, nicolae_grassy_gnolls
D:2:      layout_basic, nicolae_kite_square_tiling_tiny
D:3:      layout_loops_ring, mainiacjoe_overflow_24_doors, st_stairs_14,
          minmay_stone_trees_small, grunt_ministairs_3, uniq_natasha,
          uniq_crazy_yiuf_cottage
D:4:      minmay_bubble_buster, layout_basic
D:5:      layout_gridville, minmay_temple_entry_statues_pillars, serial_shops,
          kennysheep_mini, uniq_ijyb
D:6:      layout_gridville, serial_shops, shop_statue, nicolae_elemental_shop,
          kennysheep_small_circle
D:7:      layout_gridville, mainiacjoe_overflow_brackets,
          mainiacjoe_overflow_catch_the_wave, grunt_ministairs_14,
          chequers_decorated_corner, uniq_pikel
D:8:      layout_basic, grunt_lair_entry_orc_guard_hut, minmay_tree_intersection
D:9:      minmay_gate_of_8, layout_basic, nicolae_shop_dragon_depot
D:10:     layout_loops_ring, nicolae_trove_entry_diagonal,
          nicolae_twisting_strands
Temple:   compressed_dpeg_circular_temple
Lair:1:   layout_regular_city, grunt_forest_small_clearings, st_stairs_12,
          uniq_sonja
Lair:2:   layout_cave_pods, minmay_shoals_entry_centaurs,
          hellmonk_spider_entry_not_the_bees, hellmonk_guarded_unrand_vines,
          lemuel_fruit_tree, grunt_megastairs_2

Skill      XL: |  1  2  3  4  5  6  7  8  9 10 11 12 |
---------------+-------------------------------------+-----
Axes           | 3 4 5 6 8 10 12 13 | 13.0
Fighting       | 3 4 5 6 7 |  7.0
Long Blades    | 4 8 |  8.0
Invocations    | 5 8 11 | 11.4
Armour         | 1 2 |  2.2
Throwing       | |  1.7
Dodging        | |  2.6

Action                     |  1- 3 |  4- 6 |  7- 9 | 10-12 || total
---------------------------+-------+-------+-------+-------++-------
  Melee: War axe           |    97 |   130 |   250 |   320 ||   797
         Long sword        |       |       |    69 |   102 ||   171
         Punch             |       |       |     5 |     4 ||     9
  Throw: Boomerang         |       |     3 |    10 |    17 ||    30
         Javelin           |       |     1 |       |       ||     1
  Evoke: Wand              |       |       |     4 |       ||     4
    Use: Scroll            |       |     7 |     6 |     8 ||    21
         Potion            |       |       |     2 |     9 ||    11
 Armour: Scale mail        |    23 |       |       |       ||    23
         Leather armour    |     2 |       |       |       ||     2
         Ring mail         |    13 |    49 |    98 |   100 ||   260
  Dodge: Dodged            |    77 |    93 |   435 |   529 ||  1134
  Block: Other             |       |       |     9 |    82 ||    91
